AoeStats
← Papaya_Banana91

Fortress

509686350Analyzed
4v4 RM · 5d ago on Sep 27, 2026· 54m 36s· 8 players
Game mode
Random Map
Map size
Huge
Population
200
Speed
Normal
Resources
Standard
Victory
Conquest
Starting age
Dark Age
Ending age
Imperial Age
RankedLock teamsTeams togetherTeam positionsShared explorationLock speedFull tech treeHidden civsTurbo modeCheats
Victory
Defeat
🇦🇷 Vietnamese · Argentina
892
+13
🇩🇪 Danes · Germany
859
+14
🇫🇷 Celts · France
859
+14
🇪🇸 Spanish · Spain
827
+16
🇩🇪 Turks · Germany
862
-16
🇩🇪 Franks · Germany
818
-14
🇩🇪 Britons · Germany
817
-14
🇩🇪 Spanish · Germany
799
-13
Papaya_Banana91
2:50 Loom
11:13 Feudal Age
12:23 Double-Bit Axe
12:19 Horse Collar
13:19 Town Watch
14:27 Bloodlines
14:36 Bloodlines
14:42 Bloodlines
18:54 Castle Age
20:17 Squires
20:03 Gambesons
20:04 Arson
21:06 Wheelbarrow
25:07 Bow Saw
25:16 Heavy Plow
26:57 Scale Mail Armor
27:07 Forging
29:12 Thumb Ring
29:29 Padded Archer Armor
29:24 Fletching
30:04 Chain Mail Armor
30:24 Iron Casting
31:40 Hand Cart
35:53 Imperial Age
34:01 Leather Archer Armor
35:18 Bodkin Arrow
36:22 Elite Varangian Guard
37:00 Gold Mining
37:47 Plate Mail Armor
43:31 Blast Furnace
44:51 Pikeman
45:42 Halberdier
Chalumnor
4:35 Loom
8:23 Feudal Age
9:28 Double-Bit Axe
9:24 Horse Collar
11:06 Wheelbarrow
10:17 Town Watch
17:14 Castle Age
15:13 Gold Mining
15:16 Stone Mining
17:35 Arson
18:14 Bow Saw
18:06 Heavy Plow
18:47 Gold Shaft Mining
18:57 Stone Shaft Mining
18:40 Caravan
30:31 Imperial Age
29:58 Forging
29:53 Scale Barding Armor
29:40 Fletching
29:51 Scale Mail Armor
29:51 Padded Archer Armor
31:37 Conscription
30:38 Elite Woad Raider
31:29 Capped Ram
36:06 Iron Casting
36:22 Chain Mail Armor
36:03 Bodkin Arrow
37:01 Siege Ram
40:34 Blast Furnace
40:05 Plate Mail Armor
39:26 Gambesons
40:01 Furor Celtica
41:33 Hand Cart
42:36 Masonry
46:22 Leather Archer Armor
46:29 Chain Barding Armor
47:53 Hoardings
47:08 Stronghold
54:20 Murder Holes
54:46 Ballistics
55:26 Chemistry
54:32 Siege Engineers
54:38 Fortified Wall
54:14 Arrowslits
GUISO DE LENTEJAS
7:42 Feudal Age
13:49 Castle Age
14:33 Double-Bit Axe
16:45 Horse Collar
21:47 Wheelbarrow
21:37 Bow Saw
22:08 Heavy Plow
21:45 Elite Skirmisher
23:45 Thumb Ring
24:09 Gold Mining
24:45 Fletching
24:55 Padded Archer Armor
25:22 Ballistics
26:40 Bodkin Arrow
27:00 Leather Archer Armor
27:12 Hand Cart
26:43 Loom
27:10 Stone Mining
30:23 Imperial Age
28:54 Fortified Wall
28:57 Town Watch
30:27 Elite Rattan Archer
31:37 Paper Money
30:53 Imperial Skirmisher
33:02 Bracer
34:48 Cavalier
36:36 Ring Archer Armor
36:12 Scale Barding Armor
39:16 Chemistry
38:09 Heated Shot
39:11 Chain Barding Armor
41:26 Light Cavalry
ateca9
7:46 Loom
10:00 Feudal Age
11:03 Double-Bit Axe
11:42 Gold Mining
11:35 Horse Collar
13:19 Wheelbarrow
15:32 Castle Age
13:38 Fletching
14:11 Stone Mining
17:02 Bow Saw
24:39 Fervor
25:01 Pikeman
27:09 Forging
27:00 Scale Mail Armor
28:11 Stone Shaft Mining
28:07 Hand Cart
31:21 Imperial Age
28:41 Town Watch
30:52 Squires
31:10 Chain Mail Armor
31:32 Iron Casting
30:53 Bodkin Arrow
30:59 Padded Archer Armor
31:08 Scale Barding Armor
32:34 Ballistics
31:40 Elite Skirmisher
32:27 Thumb Ring
33:00 Conscription
33:06 Halberdier
35:06 Chemistry
35:30 Imperial Skirmisher
38:05 Leather Archer Armor
37:51 Bracer
oO COOLJT Oo
10:19 Feudal Age
8:34 Loom
14:50 Castle Age
15:43 Scale Barding Armor
19:43 Double-Bit Axe
19:51 Horse Collar
21:25 Bow Saw
30:00 Imperial Age
27:17 Town Watch
30:48 Heavy Plow
30:50 Elite Conquistador
31:26 Onager
41:03 Pikeman
41:44 Squires
42:37 Conscription
41:40 Halberdier
48:19 Husbandry
48:29 Bloodlines
47:40 Cavalier
49:21 Chain Barding Armor
50:04 Paladin
aupaathletic
0:31 Loom
7:38 Feudal Age
9:01 Double-Bit Axe
16:22 Castle Age
14:18 Horse Collar
14:32 Stone Mining
14:40 Gold Mining
15:17 Padded Archer Armor
17:45 Bow Saw
17:31 Town Watch
19:26 Wheelbarrow
22:04 Heavy Plow
24:58 Hand Cart
27:29 Leather Archer Armor
30:14 Imperial Age
29:56 Scale Mail Armor
30:02 Scale Barding Armor
30:13 Bloodlines
31:01 Sipahi
30:40 Fletching
32:04 Two-Man Saw
31:43 Gold Shaft Mining
31:06 Heavy Camel Rider
32:42 Conscription
33:26 Husbandry
33:56 Chain Barding Armor
36:34 Plate Barding Armor
40:23 Chain Mail Armor
40:04 Bodkin Arrow
40:39 Ring Archer Armor
41:17 Elite Janissary
MandleMagenbrot
1:55 Loom
2:09 Loom
8:56 Feudal Age
9:31 Town Watch
9:35 Double-Bit Axe
15:59 Castle Age
14:44 Gold Mining
15:00 Stone Mining
16:17 Pikeman
17:03 Crossbowman
19:23 Bow Saw
19:57 Gold Shaft Mining
22:53 Fortified Wall
23:53 Wheelbarrow
29:17 Imperial Age
28:16 Fletching
28:26 Padded Archer Armor
28:37 Forging
28:28 Scale Mail Armor
28:34 Scale Barding Armor
29:55 Hand Cart
30:57 Husbandry
30:18 Cavalier
30:23 Elite Skirmisher
31:59 Conscription
37:23 Iron Casting
37:09 Chain Barding Armor
37:12 Chivalry
37:48 Hoardings
39:20 Blast Furnace
39:58 Paladin
46:25 Plate Barding Armor
46:09 Chain Mail Armor
47:45 Bodkin Arrow
48:06 Leather Archer Armor
48:59 Ordonnance Companies
49:51 Squires
49:40 Arson
coolsymbios
8:14 Feudal Age
8:45 Double-Bit Axe
9:02 Horse Collar
9:20 Gold Mining
9:25 Stone Mining
13:42 Wheelbarrow
16:17 Castle Age
16:18 Forging
16:20 Fletching
17:19 Bow Saw
22:42 Iron Casting
22:56 Ballistics
28:57 Imperial Age
27:03 Bodkin Arrow
28:21 Yeomen
28:16 Elite Skirmisher
29:00 Padded Archer Armor
29:56 Bracer
29:39 Pikeman
30:11 Town Watch
30:42 Caravan
31:57 Halberdier
33:40 Onager
46:00 Blast Furnace
49:51 Elite Longbowman
Connection lost

Rejoining the realm…

Still unreachable

The connection could not be restored.

Session expired

The server has moved on; the page needs a fresh start.